 Dungeon Crawl Stone Soup version 0.27.0-1-g7a089689b8 (webtiles) character file.

Game seed: 14626421620261616876

32 theswoord the Twirler (level 3, -1/27 HPs)
             Began as a Demonspawn Gladiator on Aug 5, 2021.
             Slain by a hobgoblin (2 damage)
             ... led by Robin
             ... on level 1 of the Dungeon.
             The game lasted 00:01:28 (1298 turns).

theswoord the Twirler (Demonspawn Gladiator)        Turns: 1298, Time: 00:01:29

Health: -1/27      AC:  4    Str: 15    XL:     3   Next: 10%
Magic:  3/3        EV: 12    Int:  9    God:
Gold:   12         SH:  0    Dex: 14    Spells: 2/2 levels left

rFire    . . .     SeeInvis .   a - +1 quarterstaff
rCold    . . .     Faith    .   (shield currently unavailable)
rNeg     . . .     Spirit   .   b - +0 leather armour
rPois    .         Reflect  .   c - +0 helmet
rElec    .         Harm     .   (no cloak)
rCorr    .         Rampage  .   (no gloves)
Will     .....                  (no boots)
Stlth    +.........             (no amulet)
HPRegen  0.09/turn              (no ring)
MPRegen  0.08/turn              (no ring)

@: no status effects
A: foul stench 1
a: no special abilities


You were on level 1 of the Dungeon.
You visited 1 branch of the dungeon, and saw 2 of its levels.

You collected 12 gold pieces.

Inventory:

Hand Weapons
 a - a +1 quarterstaff (weapon)
Missiles
 d - 3 throwing nets (quivered)
Armour
 b - a +0 leather armour (worn)
 c - a +0 helmet (worn)
Scrolls
 h - a scroll of brand weapon
Potions
 g - a potion of cancellation {unknown}


   Skills:
 - Level 2.0 Fighting
 + Level 3.9 Staves
 - Level 1.7 Throwing
 - Level 2.6 Dodging


You had 2 spell levels left.
You didn't know any spells.
Your spell library was empty.

Dungeon Overview and Level Annotations

Branches:
Dungeon (2/15)

Altars:

Annotations:
D:1 Robin


Innate Abilities, Weirdness & Mutations

You may rarely emit foul miasma when damaged in melee.


Message History

Where to? (? - help)
There is a stone staircase leading down here.
You climb downwards.
An adder, 9 goblins, 3 hobgoblins and Robin come into view.
A goblin is wielding a +2 dagger of draining.
The goblin shouts! x4; The hobgoblin shouts!
The goblin shouts! x4
The adder hisses angrily.
You hear a shout!
Robin roars a battlecry!
The goblins go into a battle-frenzy!
The goblin hits you with a +0 club. The goblin misses you.
The hobgoblin hits you. The goblin closely misses you.
Found 8 gold pieces and a ring mail.
There is a stone staircase leading up, spattered with blood here.
The goblin closely misses you. The goblin hits you but does no damage.
Robin throws the goblin at you! The goblin hits you but does no damage.
The goblin closely misses you. x2; The hobgoblin hits you.
The goblin closely misses you.
You climb upwards.
There is a stone staircase leading down here.
As you read the scroll labelled TEYRPH DUOSOJE, it crumbles to dust.
It is a scroll of enchant weapon.
Your +0 quarterstaff glows red for a moment.
The goblin hits you with a +0 club. The goblin barely misses you.
The goblin hits you with a +0 club. The goblin misses you.
Robin closely misses you. The goblin hits you with a +0 dagger.
* * * LOW HITPOINT WARNING * * *
The hobgoblin barely misses you.
As you read the scroll labelled FEAMORPHISOI, it crumbles to dust.
It is a scroll of identify.
h - a scroll of brand weapon The goblin hits you but does no damage. x2; The goblin hits you with a +0 club.
* * * LOW HITPOINT WARNING * * *
The goblin hits you with a +0 dagger.
* * * LOW HITPOINT WARNING * * *
Robin hits you with a +0 spear.
* * * LOW HITPOINT WARNING * * *
The goblin hits you with a +0 dagger.
* * * LOW HITPOINT WARNING * * *
The hobgoblin hits you.
You die...

# #.# # #.# # #.# # #.#
############# ### #.#
#...........# ..#####.#
#.#########.#
#.#...#.####.........#.#
#.#.#.#........ggg...#.#
...............g@#####.#
..##...........ggg.....#
#########.##############
..................#
....#####.#######.#
....'.# #.# #.# ....#.#
#.# #.# ....#.# #.# #.#
.####.# #.# #.#


You could see Robin, a hobgoblin (strong) and 5 goblins.

Vanquished Creatures
  A ball python (D:1)
  An endoplasm (D:1)
  A goblin (D:1)
  4 hobgoblins
  5 jackals
  2 quokkas (D:1)
  4 bats (D:1)
  2 frilled lizards (D:1)
  5 kobolds (D:1)
  5 rats (D:1)
30 creatures vanquished.

Notes
Turn   | Place    | Note
-------+----------+-------------------------------------------
     0 | D:1      | theswoord the Demonspawn Gladiator began the quest for the
                  | Orb.
     0 | D:1      | Reached XP level 1. HP: 16/16 MP: 1/1
   166 | D:1      | Reached skill level 3 in Staves
   249 | D:1      | Gained mutation: You may rarely emit foul miasma when
                  | damaged in melee. [demonic ancestry]
   249 | D:1      | Reached XP level 2. HP: 15/22 MP: 2/2
   630 | D:1      | You fall into a shaft and drop 1 floor!
  1130 | D:1      | Reached XP level 3. HP: 27/27 MP: 3/3
  1194 | D:1      | Found a faded altar of an unknown god.
  1200 | D:1      | Found a faded altar of an unknown god.
  1294 | D:2      | Noticed Robin
  1298 | D:1      | HP: 1/27 [goblin[Robin] (2)]
  1298 | D:1      | Slain by a hobgoblin

Skill      XL: |  1 |
---------------+----+-----
Staves         | 3 |  3.9
Fighting       | |  2.0
Throwing       | |  1.7
Dodging        | |  2.6

Action                   || total
-------------------------++-------
Melee: Quarterstaff      ||    63
  Use: Scroll            ||     3
 Stab: Sleeping          ||     1
Armor: Leather armour    ||    14
Dodge: Dodged            ||    58

Levels and vault maps discovered:
D:1:      dpeg_chamrin_arrival_tetris, layout_basic,
          hellmonk_ecumenical_altar_the_god_not_taken
D:2:      layout_rooms, uniq_robin
